 Dungeon Crawl Stone Soup version 0.23.1 (webtiles) character file.

Game seed: 2358206965693609322

52 PentaManta the Shield-Bearer (level 4, -6/55 HPs)
             Began as a Formicid Fighter on Mar 10, 2019.
             Killed from afar by an orc wizard (9 damage)
             ... with a puff of flame
             ... on level 3 of the Dungeon.
             The game lasted 00:02:07 (683 turns).

PentaManta the Shield-Bearer (Formicid Fighter)      Turns: 683, Time: 00:02:09

Health: -6/55      AC: 22    Str: 27    XL:     4   Next: 8%
Magic:  4/4        EV:  2    Int:  7    God:
Gold:   65         SH:  0    Dex: 10    Spells: 3/3 levels left

rFire    . . .     SeeInvis .   a - +0 war axe
rCold    . . .     Gourm    .   (no shield)
rNeg     + + +     Faith    .   (armour currently unavailable)
rPois    +         Spirit   .   (helmet unavailable)
rElec    .         Reflect  .   (cloak currently unavailable)
rCorr    .         Harm     .   (gloves currently unavailable)
MR       .....                  (boots currently unavailable)
Stlth    +.........             (no amulet)
HPRegen  0.18/turn              (no ring)
MPRegen  0.09/turn              (no ring)

@: mighty, tree-form
A: permanent stasis, dig shafts and tunnels, four strong arms
a: no special abilities


You were on level 3 of the Dungeon.
You were not hungry.
You were a tree.
You visited 1 branch of the dungeon, and saw 3 of its levels.

You collected 65 gold pieces.

Inventory:

Hand Weapons
 a - a +0 war axe (weapon)
Armour
 b - a +0 scale mail (melded)
 c - a +0 shield
Jewellery
 k - a cursed amulet of inaccuracy {unknown}
Scrolls
 e - 2 scrolls of teleportation {unknown}
 g - 2 scrolls of identify {unknown}
 h - a scroll of remove curse {unknown}
 i - a scroll of enchant armour {unknown}
 m - a scroll of random uselessness {unknown}
Comestibles
 f - 4 rations


   Skills:
 + Level 3.8 Fighting
 + Level 2.5 Axes
 - Level 3.3 Armour
 * Level 4.7 Shields


You had 3 spell levels left.
You didn't know any spells.
Your spell library was empty.

Dungeon Overview and Level Annotations

Branches:
Dungeon (3/15)

Altars:


Innate Abilities, Weirdness & Mutations

You cannot be hasted, slowed, berserked, paralysed or teleported.
You can dig through walls and to a lower floor.
Your four strong arms can wield two-handed weapons with a shield.
((You have a pair of large antennae on your head. (SInv)))


Message History

The orc wizard is severely wounded.
The orc barely misses you.
It was a potion of lignification.
You turn into a tree.
Your +0 scale mail melds into your body.
Your roots penetrate the ground.
The orc wizard hits you but does no damage.
The leopard gecko bites you but does no damage.
The orc barely misses you.
It was a potion of berserk rage.
Your stasis prevents you from going berserk.
The leopard gecko bites you but does no damage.
The orc wizard hits you but does no damage.
The orc hits you but does no damage.
You barely miss the orc wizard.
The orc wizard is severely wounded.
You slash the leopard gecko!
You kill the leopard gecko!
The orc wizard points at you and mumbles some strange words.
The puff of flame hits you!
You die...

#.#.######## .##.
#{.........#
....###..........#
.........l....r..#
........#o########
......o #o#
....... #{#
.......##o#
......o♣..#
.......####
....... .......
#######


You could see an orc priest, an orc wizard and an orc.

Vanquished Creatures
  An ooze (D:1)
  A dart slug (D:2)
  5 leopard geckos
  6 orcs (D:3)
  A ball python (D:1)
  A giant cockroach (D:1)
  7 goblins (D:1)
  2 hobgoblins (D:1)
  3 bats (D:1)
  3 frilled lizards (D:1)
  2 kobolds (D:1)
  3 rats
35 creatures vanquished.

Notes
Turn   | Place    | Note
-------+----------+-------------------------------------------
     0 | D:1      | PentaManta the Formicid Fighter began the quest for the
                  | Orb.
     0 | D:1      | Reached XP level 1. HP: 18/18 MP: 1/1
    46 | D:1      | Reached XP level 2. HP: 24/24 MP: 2/2
    59 | D:1      | Reached skill level 4 in Shields
   176 | D:1      | Reached XP level 3. HP: 25/29 MP: 3/3
   676 | D:3      | Reached XP level 4. HP: 12/37 MP: 4/4
   679 | D:3      | HP: 1/37 [orc wizard/+0 dagger (2)]
   683 | D:3      | Killed from afar by an orc wizard

Skill      XL: |  1  2 |
---------------+-------+-----
Shields        | 4 |  4.7
Fighting       | |  3.8
Axes           | |  2.5
Armour         | |  3.3

Action                   |  1- 3 |  4- 6 || total
-------------------------+-------+-------++-------
Melee: War axe           |    97 |     4 ||   101
  Use: Potion            |     1 |     2 ||     3
Armor: Scale mail        |    57 |     2 ||    59
       Skin              |       |     4 ||     4
Dodge: Dodged            |    66 |     4 ||    70
Block: Shield            |     5 |       ||     5
